 Dungeon Crawl Stone Soup version 0.30-a0-310-g7d6cbdfea6 (webtiles) character file.

Game seed: 14146282299996635988

231 billz999 the Ogre Mage (level 6, -1/79 HPs)
             Began as an Ogre Air Elementalist on Oct 24, 2022.
             Succumbed to a water moccasin's poison
             ... on level 5 of the Dungeon.
             The game lasted 00:07:18 (4024 turns).

billz999 the Ogre Mage (Ogre Air Elementalist)      Turns: 4024, Time: 00:07:19

Health: -1/79      AC:  3    Str: 13    XL:     6   Next: 3%
Magic:  7/12       EV:  9    Int: 18    God:
Gold:   110        SH:  0    Dex:  9    Spells: 11/14 levels left

rFire   . . .      SeeInvis .    n - staff of conjuration
rCold   . . .      Faith    .    (no shield)
rNeg    . . .      Spirit   .    a - +0 robe
rPois   .          Reflect  .    (helmet restricted)
rElec   .          Harm     .    (no cloak)
rCorr   .          Rampage  .    (gloves unavailable)
Will    .....                    (boots unavailable)
Stlth   ..........               (no amulet)
HPRegen 0.33/turn                (no ring)
MPRegen 0.13/turn                (no ring)

@: confused, berserking, lethally poisoned (-1 -> -17), about to teleport, very
slightly contaminated, very quick
A: large, unfitting armour, tough skin 1
a: no special abilities


You were on level 5 of the Dungeon.
You visited 1 branch of the dungeon, and saw 5 of its levels.

You collected 110 gold pieces.

Inventory:

Hand Weapons
 e - a +0 dagger
 g - a +0 club
 m - a +3 long sword of holy wrath
Armour
 a - a +0 robe (worn)
Magical Staves
 n - a staff of conjuration (weapon)
Jewellery
 r - a ring of see invisible
Scrolls
 d - 5 scrolls of identify {unknown}
 h - 3 scrolls of vulnerability {unknown}
 i - 3 scrolls of teleportation
 o - a scroll of noise {unknown}
 q - a scroll of enchant armour {unknown}
 s - 2 scrolls of amnesia {unknown}
 t - a scroll of blinking {unknown}
Potions
 b - a potion of magic
 c - a potion of degeneration {unknown}
 f - a potion of haste {unknown}
 j - a potion of berserk rage
 k - a potion of flight {unknown}
 l - 2 potions of might {unknown}
 p - a potion of curing {unknown}


   Skills:
 - Level 1.7 Dodging
 - Level 1.4 Stealth
 * Level 4.6 Spellcasting
 + Level 3.3 Conjurations
 + Level 3.5 Air Magic


You had 11 spell levels left.
You knew the following spells:

 Your Spells              Type           Power      Damage    Failure   Level
a - Shock                 Conj/Air       96%        1d9       3%          1
b - Static Discharge      Conj/Air       48%        2-4/arc   4%          2

Your spell library contained the following spells:

 Spells                   Type           Power      Damage    Failure   Level
 Swiftness                Air            16%        N/A       10%         3
 Ensorcelled Hibernation  Hex/Ice        8%         N/A       22%         2
 Airstrike                Air            8%         2d(2-18)  32%         4
 Spider Form              Tmut/Pois      4%         N/A       38%         3
 Anguish                  Hex/Necr       2%         N/A       80%         4


Dungeon Overview and Level Annotations

Branches:
Dungeon (5/15)
 Temple: D:4-7

Altars:
Cheibriados
Makhleb

Shops:
D:4 [:   D:5 [


Innate Abilities, Weirdness & Mutations

You are too large for most types of armour.
You have tough skin. (AC +1)


Message History

The water moccasin misses you.
An orc comes into view. It is wielding a +0 war axe.
Casting: Shock (safe; 3% risk of failure)
Confirm with . or Enter, or press ? or * to list all spells.
You feel a surge of power!
The water moccasin is struck by an arc of lightning.
The water moccasin is heavily wounded.
The ogre is struck by an arc of lightning.
The ogre is lightly wounded.
The water moccasin is struck by an arc of lightning.
The water moccasin is heavily wounded.
You are struck by an arc of lightning.
The lightning grounds out.
The orc shouts!
* * * LOW HITPOINT WARNING * * *
You feel very sick.
You hear a bark!
The water moccasin bites you.
* * * LOW HITPOINT WARNING * * *
You are more poisoned.
The water moccasin poisons you! The orc wizard casts a spell at you.
You resist with some effort. The water moccasin barely misses you.
You hear a shout!
As you read the scroll labelled JENAID PACZATZO, it crumbles to dust.
You feel strangely unstable.
It was a scroll of teleportation.
* * * LOW HITPOINT WARNING * * *
You feel very sick.
The orc wizard gestures at you while chanting.
You are confused.
The water moccasin closely misses you.
It was a potion of berserk rage.
A red film seems to cover your vision as you go berserk!
You feel yourself moving faster!
You feel mighty!
* * * LOW HITPOINT WARNING * * *
You feel very sick. The water moccasin closely misses you.
The water moccasin bites you but does no damage.
You barely miss the water moccasin.
The water moccasin is heavily wounded.
You die...

... ..h... ../
#.####....# ....
+....#.##.# ∩....
..#.#.....#.##.....
...>...:..O...)....
...#...#.#..o....8
#.#...#..o.!.....
#.....##o........
....###OS@....##.#.
..# #####$..# .
###...# .#.# .#...
.# ##


You could see a water moccasin, an ogre, an orc wizard and 2 orcs.

Vanquished Creatures
  A phantom (D:4)
  2 orc wizards (D:4)
  2 adders
  2 dart slugs
  4 orcs
  3 ball pythons
  8 endoplasms
  3 giant cockroaches
  8 goblins
  3 hobgoblins
  9 jackals
  9 kobolds
  3 quokkas
  8 bats
  4 frilled lizards
  3 rats
72 creatures vanquished.

Vanquished Creatures (others)
  9 plants (D:3)
9 creatures vanquished.

Grand Total: 81 creatures vanquished

Notes
Turn   | Place    | Note
-------+----------+-------------------------------------------
     0 | D:1      | billz999 the Ogre Air Elementalist began the quest for the
                  | Orb.
     0 | D:1      | Reached XP level 1. HP: 16/16 MP: 3/3
    45 | D:1      | Reached skill level 1 in Conjurations
   175 | D:1      | Found a faded altar of an unknown god.
   275 | D:1      | Reached XP level 2. HP: 24/24 MP: 1/5
   780 | D:1      | Learned a level 2 spell: Static Discharge
   783 | D:1      | Reached XP level 3. HP: 31/31 MP: 2/6
  1956 | D:2      | Reached skill level 3 in Spellcasting
  2235 | D:3      | Reached XP level 4. HP: 39/39 MP: 5/8
  3331 | D:4      | Found Meepse's Book Boutique.
  3409 | D:4      | Found a snail-covered altar of Cheibriados.
  3409 | D:4      | Found a burning altar of Makhleb.
  3480 | D:4      | Found Zafef's Antique Armour Boutique.
  3486 | D:4      | Reached XP level 5. HP: 35/45 MP: 5/10
  3524 | D:4      | Reached skill level 4 in Spellcasting
  3806 | D:5      | Entered Level 5 of the Dungeon
  3806 | D:5      | Noticed a phantom
  3818 | D:4      | Killed a phantom
  3819 | D:4      | Reached XP level 6. HP: 36/53 MP: 5/12
  4007 | D:5      | Found Yzofe's Antique Armour Boutique.
  4008 | D:5      | Noticed a water moccasin
  4023 | D:5      | HP: 3/79 [poisoned by a water moccasin]
  4024 | D:5      | Succumbed to a water moccasin's poison

Illustrated notes

Levels and vault maps discovered:
D:1:      nzn_arrival_depleted_hourglass, layout_basic,
          nicolae_ecumenical_lake_church
D:2:      layout_loops_corners
D:3:      layout_loops_ring, serial_glass, glass_columns_b, glass_columns_a,
          kennysheep_boxes
D:4:      layout_basic, gammafunk_temple_overflow_statue, serial_shops, shop,
          shop, chequers_serial_rivers_small_a
D:5:      layout_basic, serial_shops, nicolae_shop_competitors_out_of_business,
          nicolae_lakefront_shop, shop, shop_fountains, nicolae_stop_n_shop_1

Skill      XL: |  1  2  3  4  5 |
---------------+----------------+-----
Conjurations   | 1 2 3 |  3.3
Spellcasting   | 3 4 |  4.6
Air Magic      | 3 |  3.5
Dodging        | |  1.7
Stealth        | |  1.4

Action                   |  1- 3 |  4- 6 || total
-------------------------+-------+-------++-------
Melee: Club              |    18 |       ||    18
       Staff             |       |     2 ||     2
 Cast: Shock             |    73 |    61 ||   134
       Static Discharge  |       |     1 ||     1
  Use: Scroll            |       |     1 ||     1
       Potion            |       |     1 ||     1
Armor: Robe              |    13 |     9 ||    22
Dodge: Dodged            |    37 |    15 ||    52

Table legend: (Time is in decaauts)
 A = Elapsed time spent in this place.
 B = Non-inter-level travel time spent in this place.
 C = Inter-level travel time spent in this place.
 D = Time resting spent in this place.
 E = Time spent auto-exploring this place.
 F = Levels seen in this place.
 G = Mean time per level.
                   A        B        C        D        E       F      G
               +--------+--------+--------+--------+--------+-----+--------+
         Total |   4032 |   3891 |    141 |     16 |   3499 |   5 |  806.4 |
       Dungeon |   4032 |   3891 |    141 |     16 |   3499 |   5 |  806.4 |
               +--------+--------+--------+--------+--------+-----+--------+

Top non-repeatable levels by time:
     D:1: 1137 daAuts
     D:2: 1074 daAuts
     D:4: 931 daAuts
     D:3: 866 daAuts
     D:5: 21 daAuts
